 Dungeon Crawl Stone Soup version 0.31-a0-836-g3ceb0a68c4 (webtiles) character file.

Game seed: 15723539241689275505

247 TheScarfBastard the Chopper (level 5, -5/70 HPs)
             Began as a Draconian Berserker on Sept 26, 2023.
             Was a Priest of Trog.
             Slain by a gnoll
             ... wielding a +0 halberd
              (8 damage)
             ... on level 4 of the Dungeon.
             The game lasted 00:06:56 (2052 turns).

TheScarfBastard the Chopper (Draconian Berserker)   Turns: 2052, Time: 00:06:57

Health: -5/70      AC:  5    Str: 24    XL:     5   Next: 85%
Magic:  5/5        EV: 13    Int:  7    God:    Trog [***...]
Gold:   209        SH:  0    Dex: 11    Spells: 4/4 levels left

rFire   . . .        j - +6 spear of the Secret Beds {venom, Str+3 SInv}
rCold   . . .        (no shield)
rNeg    . . .        (body armour unavailable)
rPois   .            (helmet restricted)
rElec   .            (no cloak)
rCorr   .            (no gloves)
SInv    +            (no boots)
Will    .....        d - amulet of faith Stlth
                     (no ring)
HPRegen 0.31/turn    (no ring)
MPRegen 0.09/turn

%: faith
@: berserking, very quick
A: AC +5, unfitting armour, cold-blooded
a: Renounce Religion, Berserk, Trog's Hand


You were on level 4 of the Dungeon.
You worshipped Trog.
Trog was most pleased with you.
You visited 1 branch of the dungeon, and saw 4 of its levels.

You collected 209 gold pieces.

Inventory:

Hand Weapons
 a - a +0 hand axe
 f - a +0 flail of protection
 j - the +6 spear of the Secret Beds (weapon) {venom, Str+3 SInv}
   (You found it on level 3 of the Dungeon)

   Str+3:     It affects your strength (+3).
   SInv:      It lets you see invisible.
Jewellery
 d - an amulet of faith (around neck)
Wands
 k - a wand of iceblast (4)
Potions
 b - a potion of might {unknown}
 c - 2 potions of curing
 e - a potion of brilliance
 g - a potion of degeneration {unknown}
 h - a potion of haste {unknown}
 i - a potion of attraction {unknown}


   Skills:
 + Level 4.4 Fighting
 + Level 5.0 Axes
 + Level 3.8 Dodging
 + Level 1.0 Stealth


You had 4 spell levels left.
You didn't know any spells.
Your spell library was empty.

Dungeon Overview and Level Annotations

Branches:
Dungeon (4/15)
 Temple: D:4-7

Altars:

Shops:
D:1 ((


Innate Abilities, Weirdness & Mutations

Your plain brown scales are hard. (AC +5)
You cannot fit into any form of body armour.
You are cold-blooded and may be slowed by cold attacks.


Message History

There is a stone staircase leading up here.
The gnoll barely misses you.
The gnoll hits you from afar with a +0 spear.
The gnoll hits you with a +0 halberd!
The gnoll hits you from afar with a +0 spear.
The gnoll misses you. The gnoll barely misses you.
You closely miss the gnoll. You hit the gnoll.
The gnoll is poisoned.
You tail-slap the gnoll, but do no damage.
The gnoll is moderately wounded.
The gnoll hits you with a +0 halberd! The gnoll closely misses you.
The gnoll misses you. The gnoll barely misses you. The gnoll barely misses you.
The gnoll closely misses you. The gnoll barely misses you.
The gnoll attacks as it pursues you! The gnoll hits you with a +0 club.
You puncture the gnoll!
The gnoll is severely wounded.
The gnoll barely misses you. The gnoll closely misses you.
The gnoll hits you with a +0 spear! The gnoll barely misses you.
You puncture the gnoll!
You kill the gnoll!
Trog accepts your kill. The gnoll hits you with a +0 spear.
* * * LOW HITPOINT WARNING * * *
The gnoll barely misses you. The gnoll closely misses you.
Your Stealth skill increases to level 1!
You aren't carrying any scrolls.
A red film seems to cover your vision as you go berserk!
You feel yourself moving faster!
You feel mighty! The gnoll hits you with a +0 spear.
* * * LOW HITPOINT WARNING * * *
The gnoll hits you with a +0 halberd!
* * * LOW HITPOINT WARNING * * *
The gnoll hits you with a +0 club.
* * * LOW HITPOINT WARNING * * *
You puncture the gnoll!
You kill the gnoll!
Trog accepts your kill. The gnoll hits you with a +0 halberd!
You die...

##..........
#............#
##.............
#..............
##..............
#...............
#..g)g.........
#...@).........
##.....<.......
##............
##...........
####......#.
#######.. #


You could see 2 gnolls.

Vanquished Creatures
  Natasha (thrice) (D:2)
  Robin (D:3)
  5 gnolls
  5 adders (D:2)
  2 worms
  2 dart slugs (D:1)
  2 bats
  5 endoplasms
  2 giant cockroaches
  15 goblins
  6 hobgoblins
  4 jackals
  3 kobolds
  7 ball pythons
  3 frilled lizards
  5 rats
70 creatures vanquished.

Notes
Turn   | Place    | Note
-------+----------+-------------------------------------------
     0 | D:1      | TheScarfBastard the Draconian Berserker began the quest for
                  | the Orb.
     0 | D:1      | Reached XP level 1. HP: 19/19 MP: 1/1
    78 | D:1      | Found Verim's Weapon Emporium.
   151 | D:1      | Reached XP level 2. HP: 26/26 MP: 2/2
   582 | D:1      | Reached XP level 3. HP: 32/33 MP: 3/3
   592 | D:1      | Found Vaucu's Weapon Shop.
   788 | D:2      | Reached ** piety under Trog
  1021 | D:2      | Noticed Natasha
  1030 | D:2      | Killed Natasha
  1031 | D:2      | Reached skill level 4 in Axes
  1031 | D:2      | Reached XP level 4. HP: 40/40 MP: 4/4
  1211 | D:2      | Noticed Natasha
  1223 | D:2      | Killed Natasha
  1330 | D:2      | Noticed Natasha
  1338 | D:2      | Killed Natasha
  1339 | D:2      | Reached XP level 5. HP: 46/46 MP: 5/5
  1617 | D:3      | Noticed Robin
  1706 | D:3      | Killed Robin
  1882 | D:3      | Identified the +6 spear of the Secret Beds {venom, Str+3
                  | SInv}
  1999 | D:3      | Reached skill level 5 in Axes
  2002 | D:3      | Reached *** piety under Trog
  2051 | D:4      | Reached skill level 1 in Stealth
  2051 | D:4      | HP: 3/70 [gnoll/+0 club (2)]
  2052 | D:4      | Slain by a gnoll

Illustrated notes

Levels and vault maps discovered:
D:1:      lemuel_arrival_room, layout_loops_ring, serial_shops,
          nicolae_shop_stone, shop
D:2:      layout_rooms, uniq_natasha
D:3:      layout_loops_ring, uniq_robin
D:4:      layout_cave_pods, mainiacjoe_overflow_tiny_flanked,
          mainiacjoe_overflow_alcove_4, serial_shops,
          nicolae_shop_just_a_little_nook, shop, gammafunk_ghost_split,
          portal_sewer_entry_e

Skill      XL: |  1  2  3  4  5 |
---------------+----------------+-----
Dodging        | 3 |  3.8
Fighting       | 4 |  4.4
Axes           | 4 5 |  5.0
Stealth        | 1 |  1.0

Action                     |  1- 3 |  4- 6 || total
---------------------------+-------+-------++-------
  Melee: Hand axe          |   101 |    66 ||   167
         Tailslap          |     8 |     9 ||    17
         Punch             |     1 |       ||     1
         Spear             |       |    12 ||    12
 Invoke: Berserk           |     1 |     5 ||     6
    Use: Scroll            |     3 |     5 ||     8
   Stab: Sleeping          |     1 |     1 ||     2
 Armour: Skin              |    80 |    70 ||   150
  Dodge: Dodged            |    72 |    75 ||   147

Table legend: (Time is in decaauts)
 A = Elapsed time spent in this place.
 B = Non-inter-level travel time spent in this place.
 C = Inter-level travel time spent in this place.
 D = Time resting spent in this place.
 E = Time spent auto-exploring this place.
 F = Levels seen in this place.
 G = Mean time per level.
                   A        B        C        D        E       F      G
               +--------+--------+--------+--------+--------+-----+--------+
         Total |   2136 |   2085 |     51 |      0 |   1317 |   4 |  534.0 |
       Dungeon |   2136 |   2085 |     51 |      0 |   1317 |   4 |  534.0 |
               +--------+--------+--------+--------+--------+-----+--------+

Top non-repeatable levels by time:
     D:2: 856 daAuts
     D:1: 765 daAuts
     D:3: 505 daAuts
     D:4: 9 daAuts
